 Dungeon Crawl Stone Soup version 0.21.1-1-g345015fe64 (webtiles) character file.

247 KamiKatze the Conjurer (level 5, -2/24 HPs)
             Began as a Spriggan Conjurer on Feb 16, 2018.
             Killed from afar by an orc wizard (9 damage)
             ... with a magic dart
             ... on level 4 of the Dungeon.
             The game lasted 00:15:03 (3984 turns).

KamiKatze the Conjurer (Spriggan Conjurer)          Turns: 3984, Time: 00:15:04

Health: -2/24      AC:  2    Str:  4    XL:     5   Next: 85%
Magic:  1/12       EV: 18    Int: 18    God:
Gold:   307        SH:  0    Dex: 16    Spells: 2/12 levels left

rFire    . . .     SeeInvis +   e - +1 dagger
rCold    . . .     Gourm    .   (shield restricted)
rNeg     . . .     Faith    .   a - +0 robe
rPois    .         Spirit   .   (helmet restricted)
rElec    .         Reflect  .   (no cloak)
rCorr    .         Harm     .   (gloves unavailable)
MR       .....                  (boots unavailable)
Stlth    ++........             (no amulet)
HPRegen  0.08/turn              (no ring)
MPRegen  0.13/turn              (no ring)

@: slowed, quick
A: very small, unfitting armour, see invisible, herbivore, speed 3, slow
metabolism 2
a: no special abilities


You were on level 4 of the Dungeon.
You were hungry.

You visited 1 branch of the dungeon, and saw 4 of its levels.

You collected 307 gold pieces.

Inventory:

Hand Weapons
 e - a +1 dagger (weapon)
Armour
 a - a +0 robe (worn)
Jewellery
 i - an uncursed amulet of magic regeneration {unknown}
 u - a +5 amulet of reflection {unknown}
Wands
 q - a wand of paralysis (21)
 v - a wand of disintegration (12)
Scrolls
 f - 5 scrolls of teleportation
 h - 3 scrolls of remove curse
 j - a scroll of amnesia {unknown}
 s - 3 scrolls of blinking
 t - a scroll of identify {unknown}
 w - a scroll of immolation {unknown}
Potions
 d - 3 potions of agility {unknown}
 g - a potion of resistance {unknown}
 k - 4 potions of curing {unknown}
 l - a potion of haste {unknown}
 m - a potion of might {unknown}
 o - a potion of invisibility {unknown}
 p - a potion of heal wounds {unknown}
 r - a potion of mutation {unknown}
Books
 b - a book of Conjurations

   Spells                             Type                      Level
   a - Magic Dart                     Conjuration                  1
   b - Searing Ray                    Conjuration                  2
   c - Dazzling Spray                 Conjuration/Hexes            3
   d - Fulminant Prism                Conjuration/Hexes            4
   e - Force Lance                    Conjuration/Translocation    4
   f - Iskenderun's Mystic Blast      Conjuration                  4
 n - a book of Misfortune

   Spells                             Type                      Level
   a - Confusing Touch                Hexes                        1
   b - Confuse                        Hexes                        3
   c - Gell's Gravitas                Translocation                3
   d - Petrify                        Transmutation/Earth          4
   e - Metabolic Englaciation         Hexes/Ice                    5
   f - Yara's Violent Unravelling     Hexes/Transmutation          5
Comestibles
 c - 6 rations


   Skills:
 - Level 3.0 Dodging
 - Level 3.0 Stealth
 + Level 4.4 Spellcasting
 * Level 4.5 Conjurations
 + Level 2.6 Hexes


You had 2 spell levels left.
You knew the following spells:

 Your Spells              Type           Power        Failure   Level  Hunger
a - Magic Dart            Conj           ###.         2%          1    None
b - Searing Ray           Conj           ###...       3%          2    #......
c - Dazzling Spray        Conj/Hex       ###...       10%         3    ###....
d - Iskenderun's Mystic   Conj           ###.....     22%         4    ####...


Dungeon Overview and Level Annotations

Branches:
Dungeon (4/15)
 Temple: D:4-7

Altars:
Xom

Annotations:
D:2 Sigmund
D:3 keat06's ghost, amateur FoAr


Innate Abilities, Weirdness & Mutations

You are very small and have problems with some larger weapons.
You are too small for most types of armour.
You have supernaturally acute eyesight. (SInv)
You are a herbivore.
You cover ground extremely quickly.
You need consume almost no food.


Message History

You feel yourself slow down.
You barely miss the orc wizard.
The orc wizard is almost dead.
The orc wizard misses you. The orc wizard hits you with a dagger.
You hit the orc wizard.
The orc wizard is almost dead.
The orc wizard closely misses you.
The orc wizard points at you and mumbles some strange words.
The magic dart hits you!
The orc wizard casts a spell.
The orc wizard blinks!
Unknown command.
The orc wizard gestures at you while chanting.
The magic dart hits you!
* * * LOW HITPOINT WARNING * * *
Things that are here:
a hand axe; a ring mail The orc wizard points at you and mumbles some strange words.
The magic dart hits you!
You die...

#.##.###.###
#..†.# #...#
####.###.#.#
#.....#.#
##..#.(.#
##.##.###
###...#.######
#...#.o...)..#
#.#...#.####@#
#.##.##.# #.#
#.##.##.# #.#
#.##.##.# #.#
#....##.# #.#
#.#####.# #.#
#.# #. #.# #.#
#.# #.# #.#


You could see an orc wizard.

Vanquished Creatures
  An orc priest (D:4)
  An iguana (D:3)
  2 worker ants (D:4)
  2 hound skeletons (D:4)
  A howler monkey skeleton (D:4)
  2 adders (D:3)
  An adder skeleton (D:4)
  3 worms (D:2)
  2 dart slugs (D:2)
  7 orcs (D:4)
  5 giant cockroaches (D:1)
  8 goblins
  5 hobgoblins
  7 jackals
  A quokka (D:4)
  A ball python (D:4)
  5 bats
  5 frilled lizards
  A jackal skeleton (D:4)
  6 kobolds
  6 rats
72 creatures vanquished.

Notes
Turn   | Place    | Note
-------+----------+-------------------------------------------
     0 | D:1      | KamiKatze the Spriggan Conjurer began the quest for the Orb.
     0 | D:1      | Reached XP level 1. HP: 9/9 MP: 5/5
   278 | D:1      | Reached XP level 2. HP: 13/13 MP: 4/7
   593 | D:1      | Learned a level 2 spell: Searing Ray
  1046 | D:2      | Reached XP level 3. HP: 16/16 MP: 4/8
  1051 | D:2      | Learned a level 3 spell: Dazzling Spray
  1091 | D:2      | Found a shimmering altar of Xom.
  2002 | D:2      | Noticed Sigmund
  2276 | D:3      | Reached skill level 1 in Hexes
  2281 | D:3      | Noticed keat06's ghost (amateur FoAr)
  2339 | D:3      | Reached XP level 4. HP: 21/21 MP: 5/10
  2392 | D:3      | Found a faded altar of an unknown god.
  2715 | D:3      | Learned a level 4 spell: Iskenderun's Mystic Blast
  3156 | D:4      | Reached XP level 5. HP: 24/24 MP: 2/12
  3984 | D:4      | Killed from afar by an orc wizard

Skill      XL: |  1  2  3  4  5 |
---------------+----------------+-----
Conjurations   | 3 4 |  4.5
Spellcasting   | 3 4 |  4.4
Hexes          | 1 2 |  2.6
Dodging        | |  3.0
Stealth        | |  3.0

Action                   |  1- 3 |  4- 6 || total
-------------------------+-------+-------++-------
Melee: Dagger            |    55 |    10 ||    65
 Cast: Magic Dart        |   100 |    52 ||   152
       Searing Ray       |     1 |    11 ||    12
  Use: Scroll            |     5 |     1 ||     6
 Stab: Sleeping          |     3 |       ||     3
Armor: Robe              |     9 |     2 ||    11
Dodge: Dodged            |    55 |    24 ||    79
